 Dungeon Crawl Stone Soup version 0.20-a0-1086-g4bd2f5b (webtiles) character file.

310 HAL9000 the Chopper (level 6, -4/37 HPs)
             Began as a Gargoyle Fighter on May 1, 2017.
             Killed by divine providence
             ... invoked by an orc priest
              (15 damage)
             ... on level 3 of the Dungeon.
             The game lasted 00:05:36 (3153 turns).

HAL9000 the Chopper (Gargoyle Fighter)              Turns: 3153, Time: 00:05:37

Health: -4/37      AC: 13    Str: 20    XL:     6   Next: 41%
Magic:  6/6        EV:  7    Int:  9    God:
Gold:   91         SH:  9    Dex: 10    Spells: 5/5 levels left

rFire    . . .     SeeInvis .   a - +0 war axe
rCold    . . .     Gourm    .   c - +0 shield
rNeg     + . .     Faith    .   b - +0 scale mail
rPois    ∞         Spirit   .   (no helmet)
rElec    +         Reflect  .   u - +0 cloak
rCorr    .         Harm     .   i - +0 pair of gloves
MR       .....                  (no boots)
Stlth    ..........             (no amulet)
Regen    0.2/turn               (no ring)
MPRegen  0.1/turn               (no ring)

@: no status effects
A: negative energy resistance 1, electricity resistance, unbreathing,
petrification resistance, rot immunity, AC +4
a: no special abilities


You were on level 3 of the Dungeon.
You were not hungry.

You visited 1 branch of the dungeon, and saw 3 of its levels.

You collected 91 gold pieces.

Inventory:

Hand Weapons
 a - a +0 war axe (weapon)
Armour
 b - a +0 scale mail (worn)
 c - a +0 shield (worn)
 i - a +0 pair of gloves (worn)
 l - a scarf of repulsion
 u - a +0 cloak (worn)
Jewellery
 v - a +5 amulet of reflection {unknown}
Scrolls
 g - a scroll of blinking {unknown}
 k - a scroll of fear {unknown}
 m - a scroll of identify {unknown}
 o - a scroll of random uselessness {unknown}
 p - 2 scrolls of amnesia {unknown}
 t - a scroll of enchant armour {unknown}
Potions
 j - a potion of curing {unknown}
 r - a potion of flight {unknown}
Comestibles
 f - 4 bread rations
 h - a royal jelly
 s - 4 fruits


   Skills:
 - Level 3.2 Fighting
 + Level 6.0 Axes
 - Level 3.2 Armour
 - Level 3.2 Shields


You had 5 spell levels left.
You didn't know any spells.

Dungeon Overview and Level Annotations

Branches:
Dungeon (3/15)

Altars:


Innate Abilities, Weirdness & Mutations

You are resistant to torment.
Your stone body is resilient. (AC +4)
You are immune to poison.
You resist negative energy. (rN+)
You are resistant to electric shocks. (rElec)
You can survive without breathing.
You are immune to petrification.
You are immune to rotting.


Message History

You barely miss the orc.
The orc is heavily wounded.
Your shield and scale mail prevent you from hitting the frilled lizard.
The frilled lizard closely misses you. The orc hits you but does no damage.
The frilled lizard bites you but does no damage.
You slash the frilled lizard!
You kill the frilled lizard!
You barely miss the orc.
The orc priest invokes the aid of Beogh against you.
You barely resist.
The orc throws a tomahawk.
The tomahawk hits you. The orc barely misses you.
The orc priest calls down the wrath of Beogh upon you.
Beogh smites you!
* * * LOW HITPOINT WARNING * * *
You barely miss the orc.
The orc is heavily wounded.
The orc throws a tomahawk.
You block the tomahawk. The orc barely misses you.
The orc priest invokes the aid of Beogh against you.
Beogh smites you!
You die...

### ##### ... #...#
##### .... #.#.# #....
..... ###.#.#####....
...#####..............
.oo#.#.#.#.####.....
#.#........# #.####
#o@.#.#.#..# #.# #
#.?†..#.#.#..###.# #
#....#..#.#.#......####
...........#.#..(.......
.#.........#.#..#.......
####.###..#.####.######
.......#......# #... ##.
#.#.#####..###...
................)


You could see an orc priest and 2 orcs.

Vanquished Creatures
  The ghost of graki42 the Magician, an amateur DEFE (D:3)
  2 orc priests (D:3)
  An orc wizard (D:3)
  5 adders
  2 worms
  A dart slug (D:1)
  3 leopard geckos
  5 orcs (D:3)
  3 ball pythons
  7 giant cockroaches
  6 goblins
  6 hobgoblins
  7 bats
  4 frilled lizards
  6 kobolds
  7 rats
66 creatures vanquished.

Notes
Turn   | Place    | Note
-------+----------+-------------------------------------------
     0 | D:1      | HAL9000 the Gargoyle Fighter began the quest for the Orb.
     0 | D:1      | Reached XP level 1. HP: 14/14 MP: 1/1
     6 | D:1      | Noticed an anaconda
     6 | D:1      | Noticed a swamp worm
     6 | D:1      | Noticed a crocodile
     7 | D:1      | Noticed a killer bee
     7 | D:1      | Noticed a hog
    78 | D:1      | Reached skill level 2 in Axes
   252 | D:1      | Reached XP level 2. HP: 19/19 MP: 2/2
   931 | D:1      | Reached skill level 3 in Axes
   931 | D:1      | Reached XP level 3. HP: 23/23 MP: 3/3
  1540 | D:2      | Reached XP level 4. HP: 25/28 MP: 4/4
  1589 | D:2      | Reached skill level 4 in Axes
  2740 | D:3      | Reached XP level 5. HP: 32/32 MP: 5/5
  2813 | D:3      | Noticed graki42's ghost (amateur DEFE)
  2840 | D:3      | Killed graki42's ghost
  2840 | D:3      | Reached skill level 5 in Axes
  2840 | D:3      | Reached XP level 6. HP: 22/37 MP: 6/6
  3149 | D:3      | Reached skill level 6 in Axes
  3153 | D:3      | Killed from afar by an orc priest

Vault maps used:
D:1:      onia_arrival_zoo_common, st_stairs_14, kennysheep_nondescript
D:3:      lemuel_crystal_altar, first_bread

Skill      XL: |  1  2  3  4  5  6 |
---------------+-------------------+-----
Axes           | 2 3 4 5 6 |  6.0
Fighting       | |  3.2
Armour         | |  3.2
Shields        | |  3.2

Action                   |  1- 3 |  4- 6 || total
-------------------------+-------+-------++-------
Melee: War axe           |   124 |   115 ||   239
  Use: Potion            |       |     1 ||     1
  Eat: Chunk             |     2 |     6 ||     8
Armor: Scale mail        |    69 |    53 ||   122
Dodge: Dodged            |    56 |    28 ||    84
       Deflected         |     1 |     2 ||     3
Block: Shield            |    68 |    56 ||   124
